 Dungeon Crawl Stone Soup version 0.31-a0-1227-g0136665373 (webtiles) character file.

Game seed: 10493537707923376248

253 CowFu the Ruffian (level 5, 0/40 HPs)
             Began as a Draconian Shapeshifter on Dec 14, 2023.
             Was an Initiate of Hepliaklqana.
             Slain by Eustachio
             ... wielding a +0 rapier
              (10 damage)
             ... on level 4 of the Dungeon.
             The game lasted 00:03:10 (2599 turns).

CowFu the Ruffian (Draconian Shapeshifter)          Turns: 2599, Time: 00:03:10

Health: 0/40       AC:  5    Str: 18    XL:     5   Next: 90%
Magic:  5/5        EV: 12    Int: 10    God:    Hepliaklqana [......]
Gold:   147        SH:  0    Dex: 11    Spells: 4/4 levels left

rFire   . .          .
                       - Unarmed
rCold   . . .        (no shield)
rNeg    . . .        (body armour unavailable)
rPois   .            (helmet currently unavailable)
rElec   .            (cloak currently unavailable)
rCorr   .            (gloves currently unavailable)
SInv    .            (boots currently unavailable)
Will    .....        (no amulet)
Stlth   +            (no ring)
HPRegen 0.26/turn    (no ring)
MPRegen 0.09/turn

%: no passive effects
@: beast-form
A: beast (slay +2), AC +5, unfitting armour, cold-blooded
a: Begin Untransformation, Renounce Religion


You were on level 4 of the Dungeon.
You worshipped Hepliaklqana.
Hepliaklqana was noncommittal.
You were a hulking beast.
You visited 1 branch of the dungeon, and saw 4 of its levels.

You collected 147 gold pieces.

Inventory:

Talismans
 b - a beast talisman
 c - a flux talisman
Wands
 i - a wand of flame (15)
Scrolls
 d - 7 scrolls of identify {unknown}
 h - a scroll of teleportation {unknown}
Potions
 a - a potion of lignification
 e - a potion of resistance {unknown}
 f - 2 potions of curing {unknown}
 g - a potion of heal wounds {unknown}


   Skills:
 - Level 1.1 Fighting
 - Level 1.7 Dodging
 + Level 5.1 Unarmed Combat
 + Level 4.8 Shapeshifting


You had 4 spell levels left.
You didn't know any spells.
Your spell library contained the following spells:

 Spells                   Type           Power      Damage    Failure   Level
 Apportation              Tloc           0%         N/A       36%         1
 Necrotise                Necr           0%         1d4       36%         1
 Summon Small Mammal      Summ           0%         N/A       36%         1


Dungeon Overview and Level Annotations

Branches:
Dungeon (4/15)
 Temple: D:4-7

Altars:
Hepliaklqana
Kikubaaqudgha
Uskayaw

Annotations:
D:4 Eustachio


Innate Abilities, Weirdness & Mutations

You are a hulking beast.
Your limbs bulge with bestial killing power. (Slay +2)
Your plain brown scales are hard. (AC +5)
You cannot fit into any form of body armour.
You are cold-blooded and may be slowed by cold attacks.


Message History

The river rat is moderately wounded.
The river rat bites you.
The river rat bites you but does no damage.
You closely miss the river rat.
The river rat is moderately wounded.
The river rat misses you.
You closely miss the river rat.
The river rat is moderately wounded.
The river rat bites you. x2
You hit the river rat but do no damage. You tail-slap the river rat.
The river rat is heavily wounded.
The river rat closely misses you.
Eustachio gestures wildly while chanting.
The river rat bites you.
You barely miss the river rat. You punch the river rat.
You kill the river rat!
The river rat's corpse disappears in a puff of smoke!
The bat hits you but does no damage. The river rat closely misses you.
Eustachio asks, "How can you live without manners, virtues and honour?"
The ufetubus shouts!
The bat hits you but does no damage. Eustachio hits you with a +0 rapier.
The bat hits you but does no damage.
You hit Eustachio but do no damage.
Eustachio is severely wounded.
The bat misses you. The river rat barely misses you.
Eustachio casts a spell.
You miss Eustachio.
Your tail-slap misses Eustachio.
Eustachio is severely wounded.
The bat hits you but does no damage. The bat misses you.
The river rat closely misses you.
You hit Eustachio.
Eustachio is almost dead.
The bat closely misses you. x2; Eustachio hits you but does no damage.
The river rat bites you!
* * * LOW HITPOINT WARNING * * *
You barely miss Eustachio. You tail-slap Eustachio.
Eustachio is almost dead.
The bat hits you but does no damage. Eustachio hits you with a +0 rapier!
You die...
Eustachio twirls his moustache.

#.?.)..###
#.$......
#.....ยง#
#.r# #r@####
##.....#
#...##r#
#..<##r#
#...##h###.#
######@b5..#
####.## #


You could see Eustachio, 2 river rats, an ufetubus (summoned) and a bat
(summoned).

Vanquished Creatures
  A hound (D:4)
  Jessica (D:3)
  An iguana (D:3)
  Ijyb (D:3)
  5 adders
  4 worms
  An orc (D:3)
  8 endoplasms
  6 giant cockroaches
  5 goblins
  8 hobgoblins
  11 jackals
  4 quokkas
  6 ball pythons
  7 bats
  5 frilled lizards
  5 kobolds
  7 rats
86 creatures vanquished.

Notes
Turn   | Place    | Note
-------+----------+-------------------------------------------
     0 | D:1      | CowFu the Draconian Shapeshifter began the quest for the
                  | Orb.
     0 | D:1      | Reached XP level 1. HP: 16/16 MP: 1/1
   144 | D:1      | Reached XP level 2. HP: 23/23 MP: 2/2
   720 | D:1      | Reached XP level 3. HP: 26/28 MP: 3/3
  1007 | D:2      | Reached skill level 4 in Unarmed Combat
  1074 | D:2      | Found a hide-covered altar of Uskayaw.
  1082 | D:2      | Reached XP level 4. HP: 35/35 MP: 4/4
  1643 | D:3      | Found an ancient bone altar of Kikubaaqudgha.
  1691 | D:3      | Noticed Jessica
  1696 | D:3      | Killed Jessica
  1753 | D:3      | Found a hazy altar of Hepliaklqana.
  1807 | D:3      | Reached XP level 5. HP: 19/40 MP: 5/5
  1847 | D:3      | Became a worshipper of Hepliaklqana the Forgotten
  2131 | D:3      | Noticed Ijyb
  2144 | D:3      | Killed Ijyb
  2369 | D:3      | Reached skill level 5 in Unarmed Combat
  2558 | D:4      | Noticed Eustachio
  2599 | D:4      | Slain by Eustachio

Illustrated notes

Levels and vault maps discovered:
D:1:      minmay_arrival_three_doors, layout_loops_corners,
          minmay_misc_feat_hallway, minmay_split_cup_small
D:2:      layout_loops_ring, basic_altar
D:3:      minmay_chambers_of_threes, layout_loops_ring,
          nzn_hepliaklqana_mist_gate, mainiacjoe_overflow_brackets,
          grunt_decor_arrowhead, uniq_ijyb, uniq_jessica
D:4:      layout_rooms, uniq_eustachio, uniq_crazy_yiuf_cottage

Skill      XL: |  1  2  3  4  5 |
---------------+----------------+-----
Unarmed Combat | 4 5 |  5.1
Shapeshifting  | 4 |  4.8
Fighting       | |  1.1
Dodging        | |  1.7

Action                     |  1- 3 |  4- 6 || total
---------------------------+-------+-------++-------
  Melee: Unarmed           |   100 |   149 ||   249
         Tailslap          |    15 |    16 ||    31
         Punch             |       |     7 ||     7
   Stab: Sleeping          |     1 |       ||     1
 Armour: Skin              |    47 |    69 ||   116
  Dodge: Dodged            |    56 |   102 ||   158

Table legend: (Time is in decaauts)
 A = Elapsed time spent in this place.
 B = Non-inter-level travel time spent in this place.
 C = Inter-level travel time spent in this place.
 D = Time resting spent in this place.
 E = Time spent auto-exploring this place.
 F = Levels seen in this place.
 G = Mean time per level.
                   A        B        C        D        E       F      G
               +--------+--------+--------+--------+--------+-----+--------+
         Total |   2581 |   2432 |    149 |      0 |   1935 |   4 |  645.2 |
       Dungeon |   2581 |   2432 |    149 |      0 |   1935 |   4 |  645.2 |
               +--------+--------+--------+--------+--------+-----+--------+

Top non-repeatable levels by time:
     D:3: 910 daAuts
     D:1: 896 daAuts
     D:2: 731 daAuts
     D:4: 42 daAuts
